 Dungeon Crawl Stone Soup version 0.29-a0-234-g0dae59b3db (webtiles) character file.

Game seed: 9893639530627308849

8 sammy202020 the Skirmisher (level 2, 12/24 HPs)
             Began as a Demonspawn Berserker on Mar 2, 2022.
             Was a Follower of Trog.
             Quit the game on level 1 of the Dungeon.
             The game lasted 00:00:28 (88 turns).

sammy202020 the Skirmisher (Demonspawn Berserker)     Turns: 88, Time: 00:00:28

Health: 12/24      AC:  2    Str: 17    XL:     2   Next: 0%
Magic:  2/2        EV: 12    Int:  8    God:    Trog [*.....]
Gold:   6          SH:  0    Dex: 12    Spells: 1/1 levels left

rFire   . . .      SeeInvis .   a - +0 spear
rCold   . . .      Faith    .   (no shield)
rNeg    . . .      Spirit   .   b - +0 animal skin
rPois   .          Reflect  .   (no helmet)
rElec   .          Harm     .   (no cloak)
rCorr   .          Rampage  .   (no gloves)
Will    .....                   (no boots)
Stlth   +.........              (no amulet)
HPRegen 0.08/turn               (no ring)
MPRegen 0.08/turn               (no ring)

@: no status effects
A: claws 1
a: Renounce Religion, Berserk


You were on level 1 of the Dungeon.
You worshipped Trog.
Trog was aware of your devotion.
You visited 1 branch of the dungeon, and saw 1 of its levels.

You collected 6 gold pieces.

Inventory:

Hand Weapons
 a - a +0 spear (weapon)
Armour
 b - a +0 animal skin (worn)
Scrolls
 c - a scroll of amnesia {unknown}
 d - a scroll of teleportation {unknown}


   Skills:
 + Level 3.1 Fighting
 + Level 2.8 Polearms
 + Level 2.0 Armour
 + Level 2.0 Dodging


You had one spell level left.
You didn't know any spells.
Your spell library was empty.

Dungeon Overview and Level Annotations

Branches:
Dungeon (1/15)

Altars:


Innate Abilities, Weirdness & Mutations

You have sharp fingernails.


Message History

You are too injured to fight recklessly!
You are too injured to fight recklessly!
You are too injured to fight recklessly!
You are too injured to fight recklessly!
You are too injured to fight recklessly!
You are too injured to fight recklessly!
You are too injured to fight recklessly!
You are too injured to fight recklessly!
You are too injured to fight recklessly!
You are too injured to fight recklessly!
You are too injured to fight recklessly!
You are too injured to fight recklessly!
You are too injured to fight recklessly!
You are too injured to fight recklessly!
You are too injured to fight recklessly!
You are too injured to fight recklessly!
You are too injured to fight recklessly!
Unknown command.
You are too injured to fight recklessly!
You are too injured to fight recklessly!
You are too injured to fight recklessly!
You closely miss the jackal.
The jackal is heavily wounded.
The jackal barely misses you.
You puncture the jackal!
You kill the jackal!
Trog accepts your kill.
Your Armour skill increases to level 2!
Your Dodging skill increases to level 2!
You hit the rat but do no damage. The rat bites you but does no damage.
You puncture the rat!
You kill the rat!
Trog accepts your kill.
A goblin comes into view. It is wielding a +0 club.
You have reached level 2!
Your demonic ancestry asserts itself...
Your fingernails lengthen.
Unknown command.
Unknown command.
Are you sure you want to abandon this character and quit the game? (Confirm with "yes".)

#.....## #. .... .#
#....g. ##.#####..
#.###.....
...#####..##...$....
...#.$.#..##.###$..
...#.⌠.#.......#..
...#...###.#.#.#†#
...#####...#.#.#@#######
........†#...#!.........
........###..#..........
<.......# #..#..........
........# ##>#....†..!##
........# #.#........#
...###### #.##.......#
...#...## #....).......
...#.⌠.## #............#


You could see a goblin.

Vanquished Creatures
  A hobgoblin (D:1)
  2 jackals (D:1)
  A ball python (D:1)
  A bat (D:1)
  A frilled lizard (D:1)
  A kobold (D:1)
  2 rats (D:1)
9 creatures vanquished.

Notes
Turn   | Place    | Note
-------+----------+-------------------------------------------
     0 | D:1      | sammy202020 the Demonspawn Berserker began the quest for
                  | the Orb.
     0 | D:1      | Reached XP level 1. HP: 18/18 MP: 1/1
    88 | D:1      | Gained mutation: You have sharp fingernails. [demonic
                  | ancestry]
    88 | D:1      | Reached XP level 2. HP: 12/24 MP: 2/2
    88 | D:1      | Quit the game

Illustrated notes

Levels and vault maps discovered:
D:1:      minmay_arrival_glassed_features, layout_basic,
          hellmonk_ecumenical_altar_arch_garden, minmay_misc_feat_square,
          minmay_cut_off

Skill      XL: |  1 |
---------------+----+-----
Armour         | 2 |  2.0
Dodging        | 2 |  2.0
Fighting       | |  3.1
Polearms       | |  2.8

Action                   || total
-------------------------++-------
Melee: Spear             ||    37
Armor: Animal skin       ||    10
Dodge: Dodged            ||    20

Table legend: (Time is in decaauts)
 A = Elapsed time spent in this place.
 B = Non-inter-level travel time spent in this place.
 C = Inter-level travel time spent in this place.
 D = Time resting spent in this place.
 E = Time spent auto-exploring this place.
 F = Levels seen in this place.
 G = Mean time per level.
                   A        B        C        D        E       F      G
               +--------+--------+--------+--------+--------+-----+--------+
         Total |     86 |     86 |      0 |      0 |     28 |   1 |   86.0 |
       Dungeon |     86 |     86 |      0 |      0 |     28 |   1 |   86.0 |
               +--------+--------+--------+--------+--------+-----+--------+

Top non-repeatable levels by time:
     D:1: 86 daAuts
